 Dungeon Crawl Stone Soup version 0.27-a0-1186-g8b4daa1eef (webtiles) character file.

Game seed: 12854783709254769058

1346 experimilk the Basher (level 8, -2/51 HPs)
             Began as a Gargoyle Gladiator on May 19, 2021.
             Was a Follower of Zin.
             Slain by a gnoll
             ... wielding a +0 halberd
              (3 damage)
             ... on level 6 of the Dungeon.
             The game lasted 00:16:27 (8220 turns).

experimilk the Basher (Gargoyle Gladiator)          Turns: 8220, Time: 00:16:28

Health: -2/51      AC: 16    Str: 20    XL:     8   Next: 62%
Magic:  8/8        EV: 10    Int:  9    God:    Zin [*.....]
Gold:   150        SH:  0    Dex: 11    Spells: 7/7 levels left

rFire    . . .     SeeInvis .   v - +1 flail (vorpal)
rCold    . . .     Faith    +   (no shield)
rNeg     + . .     Spirit   .   g - +0 scale mail
rPois    ∞         Reflect  .   c - +0 helmet
rElec    +         Harm     +   l - scarf {harm}
rCorr    .         Rampage  .   (no gloves)
Will     .....                  r - +2 pair of boots
Stlth    ..........             u - amulet of faith
HPRegen  0.17/turn              (no ring)
MPRegen  0.11/turn              (no ring)

@: hasted, very quick
A: sickness immunity, AC +5, negative energy resistance 1, electricity
resistance, torment resistance 1, petrification resistance
a: Renounce Religion, Recite, Donate Gold


You were on level 6 of the Dungeon.
You worshipped Zin.
Zin was aware of your devotion.
You visited 1 branch of the dungeon, and saw 6 of its levels.

You collected 166 gold pieces.
You donated 16 gold pieces to Zin.

Inventory:

Hand Weapons
 a - a +0 flail
 i - a +3 whip
 v - a +1 vorpal flail (weapon)
Missiles
 d - 2 throwing nets (quivered)
 f - 144 stones
 n - 6 javelins
Armour
 b - a +0 leather armour
 c - a +0 helmet (worn)
 g - a +0 scale mail (worn)
 k - a +0 tower shield
 l - a scarf of harm (worn)
 q - a +0 kite shield
 r - a +2 pair of boots (worn)
Jewellery
 u - an amulet of faith (around neck)
Wands
 j - a wand of charming (9)
Scrolls
 p - a scroll of teleportation
Potions
 e - a potion of flight
 h - a potion of haste
 m - 3 potions of curing
 o - a potion of brilliance
 s - a potion of magic {unknown}


   Skills:
 + Level 5.6 Fighting
 * Level 8.7 Maces & Flails
 - Level 3.0 Throwing
 - Level 3.0 Armour
 - Level 2.4 Dodging


You had 7 spell levels left.
You didn't know any spells.
Your spell library contained the following spells:

 Spells                   Type           Power      Damage    Failure   Level
 Beastly Appendage        Tmut           0%         N/A       75%         1
 Wereblood                Tmut           0%         N/A       86%         2
 Confusing Touch          Hex            0%         N/A       98%         3
 Gell's Gravitas          Tloc           0%         N/A       98%         3
 Spider Form              Tmut/Pois      0%         N/A       98%         3
 Ice Form                 Ice/Tmut       0%         N/A       100%        4
 Petrify                  Tmut/Erth      0%         N/A       100%        4
 Hydra Form               Tmut           0%         N/A       100%        5
 Metabolic Englaciation   Hex/Ice        0%         N/A       100%        5
 Yara's Violent Unravell  Hex/Tmut       0%         3d3       100%        5


Dungeon Overview and Level Annotations

Branches:
Dungeon (6/15)             Temple (0/1) D:5

Altars:
Trog
Vehumet
Wu Jian
Yredelemnul
Zin

Annotations:
D:2 Sigmund
D:5 3 runed translucent doors, ZappyNine's ghost, amateur KoBr; leviel's ghost, novice MiFi; mdk's ghost, novice DECj


Innate Abilities, Weirdness & Mutations

You are immune to sickness and miasma.
Your stone body is resilient. (AC +5)
You are immune to poison.
You resist negative energy. (rN+)
You are resistant to electric shocks. (rElec)
You are resistant to unholy torment.
You are immune to petrification.


Message History

Press: ? - help, Q - select action, (/) - cycle Shift-Dir - straight line, f - Duvessa
Aim: Duvessa, wielding a +0 short sword and wearing a +2 leather armour of fire resistance (almost dead, slow, 63% to hit)
You throw a throwing net. The throwing net barely misses Duvessa.
The throwing net barely misses the gnoll.
The throwing net hits the gnoll.
The gnoll is caught in the net!
The gnoll struggles against the net.
The gnoll barely misses you. Duvessa hits you but does no damage.
You hit Duvessa but do no damage.
Duvessa is almost dead.
The gnoll struggles against the net.
You hit Duvessa but do no damage.
Duvessa is almost dead.
The gnoll hits you but does no damage. Duvessa hits you but does no damage.
You hit Duvessa but do no damage.
Duvessa is almost dead.
The gnoll struggles against the net.
The gnoll hits you but does no damage.
Unknown command.
You hit Duvessa.
You kill Duvessa!
The gnoll struggles against the net.
The net rips apart, and the gnoll comes free!
The gnoll hits you but does no damage.
Things that are here:
a +0 short sword; a +2 leather armour of fire resistance; the elf corpse of Duvessa You closely miss the gnoll.
The gnoll barely misses you. x2
You hit the gnoll.
The gnoll is severely wounded.
The gnoll hits you from afar with a +0 halberd!
* * * LOW HITPOINT WARNING * * *
You closely miss the gnoll.
The gnoll is severely wounded.
The gnoll hits you with a +0 spear.
* * * LOW HITPOINT WARNING * * *
You thump the gnoll!
You kill the gnoll!
The gnoll hits you from afar with a +0 halberd!
* * * LOW HITPOINT WARNING * * *
A gnoll comes into view. It is wielding a +0 halberd.
The gnoll hits you with a +0 halberd.
You die...

..# .g. # ... #.#.#
#.#.#####.# #.........#
#.# #g# #@# #######
#)##### #.....# #.....#
#.###.###.....#######
#.# #...............#
###.###.###.....#####.#
#.......##......# #.#
#)#######.....### ##.#
#.# ##...## #..#


You could see 2 gnolls.

Vanquished Creatures
  A wraith (D:6)
  Duvessa (D:6)
  A black bear (D:5)
  An ogre (D:6)
  A centaur (D:5)
  A phantom (D:6)
  2 scorpions
  Dowan (D:6)
  2 bullfrog zombies
  A jelly (D:6)
  A gnoll shaman (D:5)
  2 orc priests
  A hound (D:5)
  Natasha (thrice) (D:3)
  2 iguanas
  2 orc wizards (D:5)
  10 gnolls
  4 adders
  3 worms (D:5)
  2 dart slugs
  5 orcs
  7 endoplasms
  3 giant cockroaches
  A goblin (D:1)
  6 hobgoblins
  8 jackals (D:1)
  2 quokkas (D:1)
  3 ball pythons
  7 bats
  4 frilled lizards
  8 kobolds
  4 rats
100 creatures vanquished.

Vanquished Creatures (others)
  4 withered plants (D:5)
4 creatures vanquished.

Grand Total: 104 creatures vanquished

Notes
Turn   | Place    | Note
-------+----------+-------------------------------------------
     0 | D:1      | experimilk the Gargoyle Gladiator began the quest for the
                  | Orb.
     0 | D:1      | Reached XP level 1. HP: 12/12 MP: 1/1
   282 | D:1      | Reached XP level 2. HP: 17/18 MP: 2/2
   340 | D:1      | Reached skill level 1 in Armour
   938 | D:1      | Reached XP level 3. HP: 17/22 MP: 3/3
  2139 | D:2      | Noticed Sigmund
  2272 | D:2      | You fall into a shaft and drop 1 floor!
  2282 | D:3      | Found a radiant altar of Vehumet.
  2504 | D:3      | Noticed Natasha
  2515 | D:3      | Killed Natasha
  2516 | D:3      | Reached XP level 4. HP: 23/28 MP: 4/4
  2522 | D:3      | Noticed Natasha
  2542 | D:3      | HP: 1/28 [Natasha/magic dart (8)]
  2543 | D:3      | Killed Natasha
  2544 | D:3      | Reached skill level 4 in Maces & Flails
  3056 | D:3      | Noticed Natasha
  3061 | D:3      | Killed Natasha
  3062 | D:3      | Reached XP level 5. HP: 32/32 MP: 5/5
  3085 | D:3      | Found a basalt altar of Yredelemnul.
  3568 | D:3      | Found a faded altar of an unknown god.
  4072 | D:4      | Reached skill level 5 in Maces & Flails
  4210 | D:4      | Reached XP level 6. HP: 17/37 MP: 6/6
  4442 | D:4      | Found a glowing silver altar of Zin.
  4448 | D:4      | Became a worshipper of Zin the Law-Giver
  4688 | D:4      | Reached * piety under Zin
  5262 | D:4      | Found an ornate altar of the Wu Jian Council.
  5501 | D:5      | Entered Level 5 of the Dungeon
  5868 | D:5      | Reached skill level 6 in Maces & Flails
  6302 | D:5      | Noticed a black bear
  6307 | D:5      | Killed a black bear
  6308 | D:5      | Reached XP level 7. HP: 27/41 MP: 7/7
  6442 | D:5      | Found a staircase to the Ecumenical Temple.
  7039 | D:5      | Noticed a moth of wrath
  7042 | D:5      | Found a bloodstained altar of Trog.
  7351 | D:5      | Found a runed translucent gate.
  7351 | D:5      | Found a runed translucent gate.
  7353 | D:5      | Noticed mdk's ghost (novice DECj)
  7353 | D:5      | Noticed leviel's ghost (novice MiFi)
  7354 | D:5      | Found a runed translucent gate.
  7354 | D:5      | Noticed ZappyNine's ghost (amateur KoBr)
  7447 | D:5      | Reached skill level 7 in Maces & Flails
  7858 | D:6      | Reached XP level 8. HP: 20/48 MP: 8/8
  7906 | D:6      | Noticed Dowan
  7933 | D:6      | Killed Dowan
  7934 | D:6      | Reached skill level 5 in Fighting
  7934 | D:6      | Reached skill level 8 in Maces & Flails
  8083 | D:6      | Noticed a wraith
  8094 | D:6      | Killed a wraith
  8183 | D:6      | Noticed Duvessa
  8214 | D:6      | Killed Duvessa
  8219 | D:6      | HP: 1/51 [gnoll/+0 halberd (8)]
  8220 | D:6      | Slain by a gnoll

Illustrated notes

Levels and vault maps discovered:
D:1:      erik_arrival_cave_to_civilisation [erik_arrival_cave_to_hall],
          layout_basic
D:2:      layout_loops_ring, serial_shops, shop, minmay_octomino_j4,
          uniq_jessica, uniq_sigmund
D:3:      layout_basic, general_overflow_altar, overflow_temple_1_default,
          ebering_ecumenical_altar_rust, uniq_natasha
D:4:      layout_basic, zin_treasury, kennysheep_mini
D:5:      layout_basic, tgw_trog, minmay_temple_entry_grid,
          gammafunk_ghost_cemetery
D:6:      layout_loops_corners, bloody_makhleb, nzn_hepliaklqana_mist_gate,
          gup_sewer_entry_bowl, uniq_duvessa, uniq_menkaure

Skill      XL: |  1  2  3  4  5  6  7  8 |
---------------+-------------------------+-----
Armour         | 1 2 3 |  3.0
Fighting       | 3 4 5 |  5.6
Maces & Flails | 4 5 6 7 8 |  8.7
Throwing       | 2 3 |  3.0
Dodging        | |  2.4

Action                   |  1- 3 |  4- 6 |  7- 9 || total
-------------------------+-------+-------+-------++-------
Melee: Flail             |   157 |   110 |   112 ||   379
Throw: Stone             |     7 |    10 |       ||    17
       Javelin           |       |     1 |    19 ||    20
       Throwing net      |       |       |     1 ||     1
  Use: Scroll            |     3 |     7 |     3 ||    13
       Potion            |       |     1 |     4 ||     5
Armor: Leather armour    |    76 |       |       ||    76
       Scale mail        |     2 |    67 |    49 ||   118
Dodge: Dodged            |   109 |    59 |    36 ||   204

Table legend: (Time is in decaauts)
 A = Elapsed time spent in this place.
 B = Non-inter-level travel time spent in this place.
 C = Inter-level travel time spent in this place.
 D = Time resting spent in this place.
 E = Time spent auto-exploring this place.
 F = Levels seen in this place.
 G = Mean time per level.
                   A        B        C        D        E       F      G
               +--------+--------+--------+--------+--------+-----+--------+
         Total |   8295 |   8138 |    157 |   3822 |   2200 |   6 | 1382.5 |
       Dungeon |   8295 |   8138 |    157 |   3822 |   2200 |   6 | 1382.5 |
               +--------+--------+--------+--------+--------+-----+--------+

Top non-repeatable levels by time:
     D:5: 1981 daAuts
     D:3: 1789 daAuts
     D:4: 1749 daAuts
     D:1: 1685 daAuts
     D:2: 622 daAuts
     D:6: 467 daAuts
